 Dungeon Crawl Stone Soup version 0.30-a0-528-g8c47a4955b (webtiles) character file.

Game seed: 16580084965034069137

106 arthad the Digger (level 5, -2/37 HPs)
             Began as a Formicid Earth Elementalist on Dec 23, 2022.
             Was an Initiate of Cheibriados.
             Slain by a scorpion (4 damage)
             ... on level 3 of the Dungeon.
             The game lasted 00:06:56 (1981 turns).

arthad the Digger (Formicid Earth Elementalist)     Turns: 1981, Time: 00:06:57

Health: -2/37      AC:  6    Str: 13    XL:     5   Next: 10%
Magic:  1/9        EV: 12    Int: 18    God:    Cheibriados [......]
Gold:   121        SH:  0    Dex: 15    Spells: 9/10 levels left

rFire   . . .      SeeInvis +    d - +3 dagger
rCold   . . .      Faith    .    (no shield)
rNeg    . . .      Spirit   .    i - +3 leather armour
rPois   .          Reflect  .    (helmet unavailable)
rElec   .          Harm     .    (no cloak)
rCorr   .          Rampage  .    (no gloves)
Will    .....                    (no boots)
Stlth   ++                       (no amulet)
HPRegen 0.26/turn                (no ring)
MPRegen 0.11/turn                (no ring)

@: mighty, brilliant, lethally poisoned (-2 -> -21), attractive, very slightly
contaminated, very slow
A: permanent stasis, dig shafts and tunnels, antennae 3, four strong arms,
MP-powered wands
a: Dig, Shaft Self, Renounce Religion


You were on level 3 of the Dungeon.
You worshipped Cheibriados.
Cheibriados was noncommittal.
You visited 1 branch of the dungeon, and saw 3 of its levels.

You collected 121 gold pieces.

Inventory:

Hand Weapons
 d - a +3 dagger (weapon)
 l - a +1 short sword of speed
Armour
 a - a +0 robe
 i - a +3 leather armour (worn)
Wands
 p - a wand of acid (11)
 s - a wand of flame (18)
Scrolls
 c - a scroll of enchant weapon {unknown}
 g - 2 scrolls of blinking {unknown}
 h - 4 scrolls of identify {unknown}
 j - 7 scrolls of teleportation {unknown}
 m - a scroll of summoning {unknown}
 n - a scroll of immolation {unknown}
 o - a scroll of fog {unknown}
Potions
 b - a potion of magic
 k - 2 potions of might


   Skills:
 + Level 1.3 Fighting
 + Level 2.2 Dodging
 + Level 3.2 Stealth
 * Level 3.2 Spellcasting
 + Level 1.7 Transmutations
 * Level 4.4 Earth Magic
 + Level 0.1 Invocations


You had 9 spell levels left.
You knew the following spells:

 Your Spells              Type           Power      Damage    Failure   Level
a - Sandblast             Erth           56%        2d13      3%          1

Your spell library contained the following spells:

 Spells                   Type           Power      Damage    Failure   Level
 Passwall                 Tmut/Erth      17%        N/A       9%          2
 Stone Arrow              Conj/Erth      32%        3d9       24%         3
 Petrify                  Tmut/Erth      21%        N/A       50%         4


Dungeon Overview and Level Annotations

Branches:
Dungeon (3/15)

Altars:
Cheibriados

Shops:
D:1 :


Innate Abilities, Weirdness & Mutations

You cannot be hasted, slowed, berserked, paralysed or teleported.
You can dig through walls and to a lower floor.
You have a pair of large antennae on your head. (SInv)
Your four strong arms can wield two-handed weapons with a shield.
You expend magic power (3 MP) to strengthen your wands.


Message History

Aiming: Sandblast (safe; 3% risk of failure)
Press: ? - help, Q - select action, (/) - cycle Shift-Dir - straight line, f/p - scorpion
Aim: a scorpion (heavily wounded, 83% to hit)
You feel a surge of power!
The blast of sand hits the scorpion.
The scorpion is severely wounded.
You feel very sick. The scorpion stings you. The scorpion barely misses you.
Aiming: Sandblast (safe; 3% risk of failure)
Press: ? - help, Q - select action, (/) - cycle Shift-Dir - straight line, f/p - scorpion
Aim: a scorpion (severely wounded, 83% to hit)
You feel a surge of power!
The blast of sand hits the scorpion.
The scorpion is severely wounded.
You feel very sick. The scorpion completely misses you.
The scorpion stings you.
* * * LOW HITPOINT WARNING * * *
Aiming: Sandblast (safe; 3% risk of failure)
Press: ? - help, Q - select action, (/) - cycle Shift-Dir - straight line, f/p - scorpion
Aim: a scorpion (severely wounded, 83% to hit)
You feel a surge of power!
The blast of sand hits the scorpion but does no damage.
The scorpion is severely wounded.
* * * LOW HITPOINT WARNING * * *
You feel very sick.
The hobgoblin hits you but does no damage.
The scorpion stings you but does no damage. x2
The hobgoblin hits you but does no damage.
Unknown command.
It was a potion of attraction.
You feel attractive to monsters.
* * * LOW HITPOINT WARNING * * *
You feel sick. The scorpion stings you.
* * * LOW HITPOINT WARNING * * *
You are more poisoned.
The scorpion poisons you! The hobgoblin closely misses you.
It was a potion of berserk rage.
Your stasis prevents you from going berserk.
* * * LOW HITPOINT WARNING * * *
You feel very sick. The scorpion stings you.
You die...

..........##
...........#
...........## ...
..............# .....
..........?)...# .....
...............#
....#.#........gs....#
................@....#
.... ....#...........#
..#####......<.......#
......#.##.......†..$#
.................<...#
..##.................#
..##..........†#######
..##..........##
..##..........#


You could see a scorpion and a hobgoblin.

Vanquished Creatures
  Terence (D:3)
  2 adders
  2 worms (D:3)
  5 dart slugs
  4 endoplasms
  2 giant cockroaches (D:2)
  5 goblins
  6 hobgoblins
  5 kobolds
  A quokka (D:2)
  2 ball pythons
  5 bats
  3 frilled lizards
  2 rats
45 creatures vanquished.

Notes
Turn   | Place    | Note
-------+----------+-------------------------------------------
     0 | D:1      | arthad the Formicid Earth Elementalist began the quest for
                  | the Orb.
     0 | D:1      | Reached XP level 1. HP: 13/13 MP: 3/3
    51 | D:1      | Found Qenn's Book Emporium.
   201 | D:1      | Reached XP level 2. HP: 19/19 MP: 3/5
   470 | D:1      | Found a faded altar of an unknown god.
   618 | D:1      | Reached skill level 4 in Earth Magic
   618 | D:1      | Reached XP level 3. HP: 25/25 MP: 3/6
  1131 | D:2      | Found a snail-covered altar of Cheibriados.
  1162 | D:2      | Became a worshipper of Cheibriados the Contemplative
  1250 | D:2      | Reached XP level 4. HP: 31/31 MP: 5/8
  1596 | D:2      | You fall into a shaft and drop 1 floor!
  1641 | D:3      | Reached skill level 1 in Fighting
  1669 | D:3      | Noticed Terence
  1688 | D:3      | Killed Terence
  1937 | D:3      | Reached XP level 5. HP: 37/37 MP: 7/9
  1973 | D:3      | Gained mutation: You expend magic power (3 MP) to
                  | strengthen your wands. [potion of mutation]
  1981 | D:3      | Slain by a scorpion

Illustrated notes

Levels and vault maps discovered:
D:1:      nzn_arrival_crosshair, layout_loops_ring, serial_shops,
          nicolae_diamond_shop, shapermc_ecumenical_altar_mp_vishouse
D:2:      layout_loops_ring, basic_altar, grunt_ministairs_15,
          uniq_crazy_yiuf_cottage
D:3:      layout_rooms, uniq_sigmund, uniq_terence

Skill      XL: |  1  2  3  4 |
---------------+-------------+-----
Earth Magic    | 4 |  4.4
Dodging        | 2 |  2.2
Stealth        | 3 |  3.2
Spellcasting   | 3 |  3.2
Fighting       | 1 |  1.3
Transmutations | |  1.7
Invocations    | |  0.1

Action                   |  1- 3 |  4- 6 || total
-------------------------+-------+-------++-------
Melee: Dagger            |    17 |       ||    17
 Cast: Sandblast         |    40 |    36 ||    76
  Use: Potion            |       |     6 ||     6
Armor: Robe              |     1 |       ||     1
       Leather armour    |     8 |    10 ||    18
Dodge: Dodged            |    10 |    12 ||    22

Table legend: (Time is in decaauts)
 A = Elapsed time spent in this place.
 B = Non-inter-level travel time spent in this place.
 C = Inter-level travel time spent in this place.
 D = Time resting spent in this place.
 E = Time spent auto-exploring this place.
 F = Levels seen in this place.
 G = Mean time per level.
                   A        B        C        D        E       F      G
               +--------+--------+--------+--------+--------+-----+--------+
         Total |   2158 |   2146 |     12 |      0 |   1758 |   3 |  719.3 |
       Dungeon |   2158 |   2146 |     12 |      0 |   1758 |   3 |  719.3 |
               +--------+--------+--------+--------+--------+-----+--------+

Top non-repeatable levels by time:
     D:1: 936 daAuts
     D:2: 773 daAuts
     D:3: 449 daAuts
